 Dungeon Crawl Stone Soup version 0.17-a0-755-g4391640 (webtiles) character file.

67 wvc the Skirmisher (level 4, 14/50 HPs)
             Began as an Ogre Wanderer on Apr 22, 2015.
             Quit the game on level 3 of the Dungeon.
             The game lasted 00:04:20 (2246 turns).

wvc the Skirmisher (Ogre Wanderer)                  Turns: 2246, Time: 00:04:20

Health: 14/50      AC:  4    Str: 18    XL:     4   Next: 18%
Magic:  4/4        EV: 10    Int:  9    God:
Gold:   75         SH:  0    Dex: 11    Spells: 0 memorised, 3 levels left

rFire  . . .     SeeInvis .     g - -3 flail (curse)
rCold  . . .     Clarity  .     e - +1 robe
rNeg   . . .     SustAb   .     (no shield)
rPois  .         Gourm    .     (helmet restricted)
rElec  .         Spirit   .     (no cloak)
rCorr  .         Warding  .     (gloves unavailable)
rMut   .         Stasis   .     (boots unavailable)
MR     .....                    (no amulet)
Stlth  +.........               (no ring)
                                j - ring of teleport control

@: not resistant to hostile enchantments, very unstealthy
A: unfitting armour, tough skin 1
a: Evoke Teleport Control


You were on level 3 of the Dungeon.
You were not hungry.

You visited 1 branch of the dungeon, and saw 3 of its levels.

You collected 75 gold pieces.

Inventory:

Hand weapons
 g - a cursed -3 flail (weapon)
Armour
 e - a +1 robe (worn)
Jewellery
 j - a ring of teleport control (left hand)
Scrolls
 h - 2 scrolls of identify
 l - a scroll of teleportation
 s - a scroll of amnesia
Potions
 b - a potion of berserk rage
 i - a potion of might {unknown}
 m - 2 potions of curing
 p - a potion of invisibility {unknown}
 q - a potion of magic {unknown}
 r - 2 potions of flight {unknown}
Comestibles
 f - a bread ration
 k - a meat ration


   Skills:
 - Level 5.1 Fighting
   Level 1.2(1.4) Short Blades
   Level 1.0(1.3) Long Blades
 * Level 2.2 Maces & Flails
 - Level 1.7 Dodging
 - Level 1.0 Stealth
   Level 1.7 Shields


You had 3 spell levels left.
You didn't know any spells.

Dungeon Overview and Level Annotations

Branches:
Dungeon (3/15)

Altars:
Ashenzari

Annotations:
D:2 Sigmund
D:3 Grinder


Innate Abilities, Weirdness & Mutations

You are too large for most types of armour.
You have tough skin (AC +1).


Message History

The jackal closely misses you.
You miss the jackal. The jackal barely misses you. The jackal bites you.
You closely miss the jackal.
The jackal bites you but does no damage.
You hit the jackal but do no damage.
The jackal bites you but does no damage.
The jackal barely misses you.
You barely miss the jackal. The jackal bites you.
The jackal closely misses you.
A scorpion comes into view.
You closely miss the jackal. The jackal bites you.
* * * LOW HITPOINT WARNING * * *
The jackal bites you but does no damage.
You are too injured to fight recklessly!
You are too injured to fight recklessly!
You are too injured to fight recklessly!
You are too injured to fight recklessly!
Read which item? (? for menu, Esc to quit)
Okay, then.
Are you sure you want to abandon this character and quit the game? (Confirm with "yes".)

#...##. #...# .. #
.## #.#.## .=.# # #
##h###....##...# .
##...%...........
##
......?....s.......
#
##.######K........
# #h###..... #h#
...# #@# #.........
#.###.### #.# ...
#.. ###


You could see a scorpion (wandering), 2 jackals and a kobold.

Vanquished Creatures
  An adder (D:3)
  2 worms
  2 giant geckos (D:1)
  3 orcs (D:3)
  5 giant cockroaches
  2 goblins (D:1)
  3 hobgoblins
  A quokka (D:2)
  6 bats
  6 jackals (D:1)
  8 kobolds
  8 rats
47 creatures vanquished.

Notes
Turn   | Place    | Note
--------------------------------------------------------------
     0 | D:1      | wvc, the Ogre Wanderer, began the quest for the Orb.
     0 | D:1      | wvc set off with: a +2 dagger, a potion of berserk rage, a +0 short sword, a potion of lignification, a +0 robe, a bread ration
     0 | D:1      | Reached XP level 1. HP: 22/22 MP: 1/1
    39 | D:1      | Reached skill level 3 in Fighting
   310 | D:1      | Reached XP level 2. HP: 31/31 MP: 2/2
   397 | D:1      | Reached skill level 4 in Fighting
   935 | D:1      | Reached XP level 3. HP: 40/40 MP: 3/3
  1019 | D:1      | Reached skill level 1 in Maces & Flails
  1524 | D:2      | Noticed Sigmund
  1573 | D:3      | Found a shattered altar of Ashenzari.
  1598 | D:3      | Reached skill level 5 in Fighting
  1603 | D:3      | HP: 3/63 [poisoned by an adder]
  1611 | D:3      | HP: 2/63 [poisoned by an adder]
  1619 | D:3      | HP: 1/63 [poisoned by an adder]
  1737 | D:3      | Reached XP level 4. HP: 19/50 MP: 4/4
  2227 | D:3      | Noticed Grinder
  2245 | D:3      | Noticed a scorpion
  2246 | D:3      | Quit the game

Action                   |  1- 3 |  4- 6 || total
-------------------------+-------+-------++-------
Melee: Dagger            |   221 |    31 ||   252
       Short sword       |    13 |       ||    13
       Flail             |       |    45 ||    45
  Use: Potion            |     1 |       ||     1
       Scroll            |       |     5 ||     5
 Stab: Sleeping          |     1 |       ||     1
  Eat: Fruit             |     4 |       ||     4
       Chunk             |     2 |       ||     2
